 Dungeon Crawl Stone Soup version 0.30.0-29-ga12c61a403 (webtiles) character file.

Game seed: 3554980745447628982

150 Dadi the Conjurer (level 5, -2/28 HPs)
             Began as a Deep Elf Conjurer on June 19, 2023.
             Was an Initiate of Vehumet.
             Slain by a black bear (6 damage)
             ... in the Ecumenical Temple.
             The game lasted 00:07:12 (2517 turns).

Dadi the Conjurer (Deep Elf Conjurer)               Turns: 2517, Time: 00:07:12

Health: -2/28      AC:  6    Str:  4    XL:     5   Next: 10%
Magic:  4/15       EV: 12    Int: 25    God:    Vehumet [......]
Gold:   999        SH:  0    Dex: 13    Spells: 9/15 levels left

rFire   . . .        c - +3 long sword (protect)
rCold   + . .        (no shield)
rNeg    . . .        a - +0 robe
rPois   .            (no helmet)
rElec   .            (no cloak)
rCorr   .            t - +2 pair of gloves
SInv    .            m - +0 pair of boots
Will    .....        (no amulet)
Stlth   ++           e - ring of protection from cold
HPRegen 0.24/turn    (no ring)
MPRegen 0.14/turn

%: no passive effects
@: no status effects
A: no striking features
a: Renounce Religion


You were in the Ecumenical Temple.
You worshipped Vehumet.
Vehumet was noncommittal.
You visited 2 branches of the dungeon, and saw 5 of its levels.

You collected 999 gold pieces.

Inventory:

Hand Weapons
 c - a +3 long sword of protection (weapon)
Armour
 a - a +0 robe (worn)
 m - a +0 pair of boots (worn)
 r - a +0 buckler of protection
 t - a +2 pair of gloves (worn)
Jewellery
 e - a ring of protection from cold (left hand)
Wands
 l - a wand of polymorph (5)
Scrolls
 f - 2 scrolls of identify
 g - a scroll of amnesia
 i - a scroll of teleportation
 k - a scroll of brand weapon
Potions
 b - a potion of magic
 d - 2 potions of brilliance {unknown}
 h - 2 potions of flight
 n - a potion of lignification {unknown}
 o - 2 potions of degeneration {unknown}
 q - a potion of curing {unknown}
 s - a potion of berserk rage {unknown}
 u - a potion of haste {unknown}
 v - 2 potions of mutation {unknown}


   Skills:
 - Level 2.4 Dodging
 - Level 2.4 Stealth
 + Level 5.5 Spellcasting
 + Level 5.9 Conjurations


You had 9 spell levels left.
You knew the following spells:

 Your Spells              Type           Power      Damage    Failure   Level
a - Magic Dart            Conj           100%       1d8       1%          1
b - Searing Ray           Conj           72%        2d7       1%          2
c - Dazzling Flash        Conj/Hex       42%        N/A       7%          3

Your spell library contained the following spells:

 Spells                   Type           Power      Damage    Failure   Level
 Iskenderun's Battlesphe  Conj           36%        2d9       19%         5
 Fulminant Prism          Conj/Hex       10%        3d8       24%         4
 Iskenderun's Mystic Bla  Conj/Tloc      21%        2d6       24%         4
 Iron Shot                Conj/Erth      10%        9d3       98%         6
 Spellforged Servitor     Conj/Summ      10%        N/A       100%        7


Dungeon Overview and Level Annotations

Branches:
Dungeon (4/15)             Temple (1/1) D:4

Altars:
Ashenzari
Cheibriados
Dithmenos
Gozag
Hepliaklqana
Makhleb
Nemelex Xobeh
Okawaru
Qazlal
Sif Muna
Uskayaw
Vehumet
Wu Jian
Zin
The Shining One

Annotations:
D:4 Grinder


Message History

The black bear is dazzled.
A ball python comes into view.
The black bear closely misses you. The black bear barely misses you. x2
You hear the quick rusting of a distant drain.
There is an open door here.
The black bear is no longer blind.
The black bear attacks as you move away!
The black bear bites you.
The black bear claws you but does no damage. x2
The black bear attacks as you move away!
The black bear bites you. The black bear closely misses you.
The black bear misses you.
There is a staircase to the Ecumenical Temple here.
The black bear bites you but does no damage.
The black bear barely misses you. x2
You climb downwards.
Welcome back to the Ecumenical Temple!
There is a staircase back to the Dungeon here.
Casting: Dazzling Flash (quite dangerous; 7% risk of failure)
Confirm with . or Enter, or press ? or * to list all spells.
Aiming: Searing Ray (safe; 1% risk of failure)
Press: ? - help, Shift-Dir - straight line, f - black bear
Aim: a black bear (86% to hit)
The searing ray hits the black bear!
The black bear is moderately wounded. (Press . to maintain the ray.)
The black bear closely misses you. The black bear barely misses you.
The black bear claws you but does no damage.
The searing ray hits the black bear!
The black bear is severely wounded.
The black bear bites you.
The black bear claws you but does no damage. x2
The searing ray hits the black bear!
The black bear is almost dead.
The black bear goes berserk!
The searing ray misses the black bear.
You finish channelling your searing ray.
The black bear barely misses you. The black bear claws you.
* * * LOW HITPOINT WARNING * * *
The black bear claws you.
You die...

≈≈≈≈≈.......≈≈≈...≈≈≈≈≈≈
≈≈≈≈≈≈≈≈...≈≈≈≈≈≈≈≈≈≈≈≈
≈≈≈≈≈≈≈...≈≈≈≈≈≈≈≈≈≈≈≈≈
≈≈≈≈≈≈...≈≈≈≈≈≈≈≈≈≈≈≈≈≈
≈≈≈≈≈≈...≈≈≈≈≈≈≈≈≈≈≈≈≈≈
≈≈≈≈≈≈≈...≈≈≈≈≈≈≈≈≈≈≈≈
≈≈≈≈≈≈≈≈...≈≈≈≈≈≈≈≈≈≈≈
≈≈≈≈≈....h......≈≈≈≈≈
≈≈≈≈..8...@...8..≈≈≈≈
≈≈≈≈≈...........≈≈≈≈≈
≈≈≈≈≈≈≈≈≈≈≈...≈≈≈≈≈≈≈≈
≈≈≈≈≈≈≈≈≈≈≈≈...≈≈≈≈≈≈≈
≈≈≈≈≈≈≈≈≈≈≈≈≈≈...≈≈≈≈≈≈
≈≈≈≈≈≈≈≈≈≈≈≈≈≈...≈≈≈≈≈≈
≈≈≈≈≈≈≈≈≈≈≈≈≈...≈≈≈≈≈≈≈
≈≈≈≈≈≈≈≈≈≈≈≈...≈≈≈≈≈≈≈≈
≈≈≈≈≈...≈≈≈.......≈≈≈≈≈


You could see a black bear (berserk).

Vanquished Creatures
  2 orc priests (D:4)
  3 adders
  An ufetubus (D:4)
  A dart slug (D:2)
  6 orcs (D:4)
  4 endoplasms
  A giant cockroach (D:4)
  3 goblins
  4 hobgoblins
  5 quokkas (D:2)
  6 ball pythons
  4 bats
  A frilled lizard (D:3)
  5 kobolds
  2 rats (D:2)
48 creatures vanquished.

Notes
Turn   | Place    | Note
-------+----------+-------------------------------------------
     0 | D:1      | Dadi the Deep Elf Conjurer began the quest for the Orb.
     0 | D:1      | Reached XP level 1. HP: 10/10 MP: 6/6
   357 | D:1      | Reached XP level 2. HP: 15/15 MP: 5/8
  1205 | D:2      | Reached skill level 5 in Conjurations
  1205 | D:2      | Reached XP level 3. HP: 19/19 MP: 7/10
  1249 | D:2      | Learned a level 2 spell: Searing Ray
  1253 | D:2      | Learned a level 3 spell: Dazzling Flash
  1882 | D:3      | Noticed an ice beast
  2013 | D:4      | Found an opulent altar of Gozag.
  2014 | D:4      | Identified a scroll of acquirement
  2014 | D:4      | Acquired 897 gold pieces
  2015 | D:4      | Found a staircase to the Ecumenical Temple.
  2026 | D:4      | Reached XP level 4. HP: 17/24 MP: 6/12
  2039 | Temple   | Entered the Ecumenical Temple
  2181 | Temple   | Became a worshipper of Vehumet
  2359 | D:4      | Reached skill level 5 in Spellcasting
  2374 | D:4      | Reached XP level 5. HP: 19/28 MP: 1/14
  2433 | D:4      | Noticed Grinder
  2499 | D:4      | Noticed a black bear
  2517 | Temple   | Slain by a black bear

Illustrated notes

Levels and vault maps discovered:
D:1:      amcnicky_arrival_feature_with_door, layout_basic, serial_bayou,
          serial_bayou_shore_a, serial_bayou_lagoon_b, serial_bayou_pond_d,
          serial_bayou_shore_b, serial_bayou_lagoon_a
D:2:      layout_basic
D:3:      layout_rooms
D:4:      layout_basic, grunt_gozag_statues, minmay_temple_entry_wispy,
          gup_sewer_entry_spiral, hangedman_abyss_or_decor_lesser_grid,
          uniq_grinder
Temple:   eino_temple_water

Skill      XL: |  1  2  3  4 |
---------------+-------------+-----
Spellcasting   | 4 5 |  5.5
Conjurations   | 5 |  5.9
Dodging        | |  2.4
Stealth        | |  2.4

Action                     |  1- 3 |  4- 6 || total
---------------------------+-------+-------++-------
  Melee: Long sword        |       |     1 ||     1
   Cast: Magic Dart        |    64 |     6 ||    70
         Searing Ray       |     1 |     8 ||     9
         Dazzling Flash    |       |     2 ||     2
    Use: Scroll            |     6 |     2 ||     8
 Armour: Robe              |     1 |     8 ||     9
  Dodge: Dodged            |     5 |    10 ||    15
